AoeStats
← TheKingThorag

Arabia

509101474Analyzed
1v1 RM · 7d ago on Sep 25, 2026· 50m 3s· 2 players
Game mode
Random Map
Map size
Tiny (2 player)
Population
200
Speed
Normal
Resources
Standard
Victory
Conquest
Starting age
Dark Age
Ending age
Imperial Age
RankedLock teamsTeams togetherTeam positionsShared explorationLock speedFull tech treeHidden civsTurbo modeCheats
Victory
Defeat
🇩🇪 Georgians · Germany
1288
+16
🇦🇷 Burgundians · Argentina
1282
-16
Damn!
6:14 Loom
9:31 Feudal Age
10:00 Double-Bit Axe
11:04 Bow Saw
22:03 Castle Age
20:09 Horse Collar
20:20 Gold Mining
21:19 Heavy Plow
21:29 Scale Barding Armor
22:30 Forging
23:23 Chain Barding Armor
25:21 Wheelbarrow
25:36 Husbandry
25:04 Cavalier
26:54 Gold Shaft Mining
27:42 Hand Cart
27:47 Stone Mining
28:35 Iron Casting
29:14 Crop Rotation
29:46 Town Watch
32:50 Cavalier
36:53 Imperial Age
34:49 Fletching
35:40 Bodkin Arrow
39:18 Plate Barding Armor
41:02 Blast Furnace
41:55 Paladin
42:38 Light Cavalry
48:45 Light Cavalry
TheKingThorag
9:12 Feudal Age
7:31 Loom
10:11 Man-at-Arms
11:33 Arson
15:44 Double-Bit Axe
20:36 Castle Age
20:45 Gold Mining
23:02 Bow Saw
24:00 Bloodlines
23:51 Husbandry
25:59 Fletching
29:21 Forging
29:14 Pikeman
29:54 Squires
30:12 Svan Towers
30:04 Bodkin Arrow
30:50 Iron Casting
34:20 Imperial Age
33:05 Scale Barding Armor
33:58 Wheelbarrow
33:08 Town Watch
34:20 Chain Barding Armor
34:59 Ballistics
36:06 Hand Cart
36:54 Chemistry
37:35 Elite Monaspa
39:29 Blast Furnace
39:47 Plate Barding Armor
38:53 Pikeman
39:34 Squires
40:07 Bodkin Arrow
42:10 Hoardings
41:55 Conscription
41:45 Aznauri Cavalry
42:55 Bracer
42:31 Halberdier
44:44 Town Patrol
46:34 Theocracy
47:40 Scale Mail Armor
47:40 Padded Archer Armor
48:47 Chain Mail Armor
48:43 Siege Engineers
Connection lost

Rejoining the realm…

Still unreachable

The connection could not be restored.

Session expired

The server has moved on; the page needs a fresh start.